TOP OF THE 1ST |
Philadelphia Phillies batting - Pitching for Chicago Cubs : RHP Ryohei Uda
|
Pitching: RHP Ryohei Uda
|
|
Batting: LHB Cody Schumacher
|
0-0: Ball 1-0: Foul Ball, location: 2F 1-1: Foul Ball, location: 2F 1-2: Ball 2-2: Ball 3-2: Base on Balls
|
Batting: LHB Osamu Kubo
|
0-0: Ball 1-0: Swinging Strike 1-1: SINGLE (Groundball, 4D, EV 94.4 MPH) Cody Schumacher to second Runner from 2nd tries for 3rd, OUT after rundown.
|
Batting: SHB Lance Franklin
|
0-0: Ball 1-0: Called Strike 1-1: Foul Ball, location: 2F 1-2: Strikes out looking
|
Batting: RHB Josh Hensley
|
0-0: Ball 1-0: Ball 2-0: Swinging Strike 2-1: Ball 3-1: Called Strike 3-2: Strikes out looking
|
Top of the 1st over - 0 runs, 1 hit, 0 errors, 1 left on base; Philadelphia 0 - Chicago 0 |
BOTTOM OF THE 1ST |
Chicago Cubs batting - Pitching for Philadelphia Phillies : RHP David LaBounty
|
Pitching: RHP David LaBounty
|
|
Batting: RHB David Casas
|
0-0: Ball 1-0: Ball 2-0: Called Strike 2-1: Ball 3-1: Base on Balls
|
Batting: RHB Josh Kalman
|
0-0: Foul Ball, location: 2F 0-1: Foul Ball, location: 2F 0-2: Ball 1-2: Ball 2-2: 2-RUN HOME RUN (Flyball, 9LD, EV 96.2 MPH), Distance : 369 ft
|
Batting: RHB Efrain Vargas
|
0-0: Foul Ball, location: 2F 0-1: Foul Ball, location: 2F 0-2: Ground out 4-3 (Groundball, 4S, EV 86.9 MPH)
|
Batting: LHB Kevin Norton
|
0-0: DOUBLE (Flyball, 8RXD, EV 95.0 MPH)
|
Batting: RHB Steve Bartman Jr.
|
0-0: Ball 1-0: Ball 2-0: Called Strike 2-1: Ground out 4-3 (Groundball, 4M, EV 106.9 MPH) Kevin Norton to third
|
Batting: RHB Alan Oxenrider
|
0-0: Called Strike 0-1: Ball 1-1: Fly out, F2 (Popup, 25F, EV 75.0 MPH)
|
Bottom of the 1st over - 2 runs, 2 hits, 0 errors, 1 left on base; Philadelphia 0 - Chicago 2 |
TOP OF THE 2ND |
Philadelphia Phillies batting - Pitching for Chicago Cubs : RHP Ryohei Uda
|
Batting: LHB Brad Turner
|
0-0: Foul Ball, location: 2F 0-1: Swinging Strike 0-2: Ball 1-2: Ball 2-2: Ball 3-2: Strikes out swinging
|
Batting: LHB Mike Davis
|
0-0: Swinging Strike 0-1: Swinging Strike 0-2: Ball 1-2: Ball 2-2: Ball 3-2: Strikes out looking
|
Batting: LHB Ryan Trombley
|
0-0: Ball 1-0: Ball 2-0: Ball 3-0: Called Strike 3-1: Base on Balls
|
Batting: SHB Phuck II
|
0-0: Called Strike 0-1: SINGLE (Line Drive, 4D, EV 96.9 MPH) Ryan Trombley to second
|
Batting: LHB Jim Beaver
|
0-0: Called Strike 0-1: SINGLE (Line Drive, 8LS, EV 96.9 MPH) Ryan Trombley to third Phuck II to second
|
Batting: LHB Cody Schumacher
|
0-0: Fly out, F2 (Popup, 3SF, EV 83.8 MPH)
|
Top of the 2nd over - 0 runs, 2 hits, 0 errors, 3 left on base; Philadelphia 0 - Chicago 2 |
BOTTOM OF THE 2ND |
Chicago Cubs batting - Pitching for Philadelphia Phillies : RHP David LaBounty
|
Batting: RHB Heef Harted
|
0-0: Bunt for hit to 5S - play at first, batter safe!
|
Batting: RHB Xavier Davis
|
0-0: Swinging Strike 0-1: Ball 1-1: Foul Ball, location: 2F 1-2: Ball 2-2: 2-RUN HOME RUN (Flyball, 7D, EV 98.1 MPH), Distance : 385 ft
|
Batting: LHB Andy Arbuckle
|
0-0: Foul Ball, location: 2F 0-1: Ground out 5-3 (Groundball, 5, EV 101.9 MPH)
|
Batting: RHB David Casas
|
0-0: Called Strike 0-1: SINGLE (Flyball, 89S, EV 90.0 MPH)
|
Batting: RHB Josh Kalman
|
0-0: Ball 1-0: Ball 2-0: Called Strike 2-1: Ball 3-1: Foul Ball, location: 2F 3-2: Foul Ball, location: 2F 3-2: Base on Balls David Casas to second
|
Batting: RHB Efrain Vargas
|
0-0: Called Strike 0-1: DOUBLE (Flyball, 8RXD, EV 106.9 MPH) David Casas scores Josh Kalman to third
|
Pitching: RHP Nick Turner
|
|
Batting: LHB Kevin Norton
|
0-0: Ball 1-0: Called Strike 1-1: SINGLE (Groundball, 34D, EV 106.9 MPH) Josh Kalman scores Efrain Vargas to third
|
Batting: RHB Steve Bartman Jr.
|
0-0: Ball 1-0: Foul Ball, location: 2F 1-1: Reached on error, E5 (Groundball, 56, EV 106.9 MPH) Efrain Vargas scores Kevin Norton to second
|
Batting: RHB Alan Oxenrider
|
0-0: Called Strike 0-1: Ball 1-1: Foul Ball, location: 2F 1-2: Strikes out swinging
|
Batting: RHB Heef Harted
|
0-0: Ball 1-0: Ball 2-0: Fly out, F8 (Flyball, 89D, EV 105.0 MPH)
|
Bottom of the 2nd over - 5 runs, 5 hits, 1 error, 2 left on base; Philadelphia 0 - Chicago 7 |
TOP OF THE 3RD |
Philadelphia Phillies batting - Pitching for Chicago Cubs : RHP Ryohei Uda
|
Batting: LHB Osamu Kubo
|
0-0: Ball 1-0: Called Strike 1-1: Ball 2-1: Called Strike 2-2: Ball 3-2: Foul Ball, location: 2F 3-2: SINGLE (Groundball, 6MD, EV 108.1 MPH)
|
Batting: SHB Lance Franklin
|
0-0: Called Strike 0-1: DOUBLE (Line Drive, 9LM, EV 100.0 MPH) Osamu Kubo to third Runner from 3rd tries for Home, SAFE, throw by RF to home
|
Batting: RHB Josh Hensley
|
0-0: Ball 1-0: Ball 2-0: Ground out 5-3 (Groundball, 5, EV 78.8 MPH)
|
Batting: LHB Brad Turner
|
0-0: Ball 1-0: Foul Ball, location: 2F 1-1: Foul Ball, location: 2F 1-2: Strikes out swinging
|
Batting: LHB Mike Davis
|
0-0: Ball 1-0: Called Strike 1-1: Ball 2-1: Foul Ball, location: 2F 2-2: Ground out 6-3 (Groundball, 6, EV 101.2 MPH)
|
Top of the 3rd over - 1 run, 2 hits, 0 errors, 1 left on base; Philadelphia 1 - Chicago 7 |
BOTTOM OF THE 3RD |
Chicago Cubs batting - Pitching for Philadelphia Phillies : RHP Nick Turner
|
Batting: RHB Xavier Davis
|
0-0: Ball 1-0: SINGLE (Groundball, 34D, EV 94.4 MPH)
|
Batting: LHB Andy Arbuckle
|
0-0: Called Strike 0-1: Called Strike 0-2: Ball 1-2: Strikes out looking
|
Batting: RHB David Casas
|
0-0: Ball Xavier Davis steals 2nd base 1-0: Fly out, F6 (Popup, 6MS, EV 78.8 MPH)
|
Batting: RHB Josh Kalman
|
0-0: Ball 1-0: Foul Ball, location: 2F 1-1: Ball 2-1: SINGLE (Groundball, 6MD, EV 111.2 MPH) Xavier Davis to third Runner from 3rd tries for Home, SAFE, throw by CF to home Josh Kalman to second
|
Batting: RHB Efrain Vargas
|
0-0: Called Strike 0-1: Ball 1-1: Ball 2-1: Foul Ball, location: 2F 2-2: Strikes out swinging
|
Bottom of the 3rd over - 1 run, 2 hits, 0 errors, 1 left on base; Philadelphia 1 - Chicago 8 |
TOP OF THE 4TH |
Philadelphia Phillies batting - Pitching for Chicago Cubs : RHP Ryohei Uda
|
Batting: LHB Ryan Trombley
|
0-0: Called Strike 0-1: Swinging Strike 0-2: Ground out 5-3 (Groundball, 56, EV 93.1 MPH)
|
Batting: SHB Phuck II
|
0-0: Ball 1-0: Foul Ball, location: 2F 1-1: Foul Ball, location: 2F 1-2: Strikes out swinging
|
Batting: LHB Jim Beaver
|
0-0: Ball 1-0: Ball 2-0: Called Strike 2-1: Foul Ball, location: 2F 2-2: Fly out, F8 (Flyball, 8RM, EV 81.9 MPH)
|
Top of the 4th over - 0 runs, 0 hits, 0 errors, 0 left on base; Philadelphia 1 - Chicago 8 |
BOTTOM OF THE 4TH |
Chicago Cubs batting - Pitching for Philadelphia Phillies : RHP Nick Turner
|
Batting: LHB Kevin Norton
|
0-0: DOUBLE (Line Drive, 7LS, EV 98.1 MPH)
|
Batting: RHB Steve Bartman Jr.
|
0-0: Swinging Strike 0-1: Foul Ball, location: 2F 0-2: Ball 1-2: Foul Ball, location: 2F 1-2: Ground out 1-3 (Groundball, 34S, EV 70.6 MPH) Kevin Norton to third
|
Pitching: RHP Omar Orosco
|
|
Batting: RHB Alan Oxenrider
|
0-0: Called Strike 0-1: Swinging Strike 0-2: Ball 1-2: Fly out, F8 (Flyball, 78M, EV 87.5 MPH)
|
Batting: RHB Heef Harted
|
0-0: Ball 1-0: Ball 2-0: Called Strike 2-1: Swinging Strike 2-2: Fly out, F8 (Flyball, 8RD, EV 101.2 MPH)
|
Bottom of the 4th over - 0 runs, 1 hit, 0 errors, 1 left on base; Philadelphia 1 - Chicago 8 |
TOP OF THE 5TH |
Philadelphia Phillies batting - Pitching for Chicago Cubs : RHP Ryohei Uda
|
Batting: LHB Cody Schumacher
|
0-0: Ball 1-0: Swinging Strike 1-1: Foul Ball, location: 2F 1-2: Ball 2-2: Ball 3-2: Strikes out looking
|
Batting: LHB Osamu Kubo
|
0-0: Hit by Pitch
|
Batting: SHB Lance Franklin
|
0-0: Ball 1-0: Swinging Strike 1-1: Ball 2-1: Foul Ball, location: 2F 2-2: 2-RUN HOME RUN (Flyball, 89XD, EV 105.6 MPH), Distance : 388 ft
|
Batting: RHB Josh Hensley
|
0-0: Fly out, F7 (Flyball, 78S, EV 83.8 MPH)
|
Batting: LHB Brad Turner
|
0-0: Ball 1-0: Called Strike 1-1: Ball 2-1: Swinging Strike 2-2: Ball 3-2: Foul Ball, location: 2F 3-2: Strikes out swinging
|
Top of the 5th over - 2 runs, 1 hit, 0 errors, 0 left on base; Philadelphia 3 - Chicago 8 |
BOTTOM OF THE 5TH |
Chicago Cubs batting - Pitching for Philadelphia Phillies : RHP Omar Orosco
|
Batting: RHB Xavier Davis
|
0-0: Called Strike 0-1: Ball 1-1: DOUBLE (Flyball, 8RXD, EV 101.2 MPH)
|
Batting: LHB Andy Arbuckle
|
0-0: Ball 1-0: Ball 2-0: Ball 3-0: Foul Ball, location: 2F 3-1: Foul Ball, location: 2F 3-2: Foul Ball, location: 2F 3-2: Foul Ball, location: 2F 3-2: Base on Balls
|
Batting: RHB David Casas
|
0-0: Called Strike 0-1: Ball 1-1: 3-RUN HOME RUN (Flyball, 89XD, EV 98.8 MPH), Distance : 395 ft
|
Batting: RHB Josh Kalman
|
0-0: Called Strike 0-1: Swinging Strike 0-2: Ball 1-2: Strikes out swinging
|
Batting: RHB Efrain Vargas
|
0-0: Called Strike 0-1: Called Strike 0-2: Strikes out swinging
|
Batting: LHB Kevin Norton
|
0-0: Called Strike 0-1: Ball 1-1: Foul Ball, location: 2F 1-2: Ball 2-2: Strikes out swinging
|
Bottom of the 5th over - 3 runs, 2 hits, 0 errors, 0 left on base; Philadelphia 3 - Chicago 11 |
TOP OF THE 6TH |
Philadelphia Phillies batting - Pitching for Chicago Cubs : RHP Ryohei Uda
|
Batting: LHB Mike Davis
|
0-0: Ball 1-0: Foul Ball, location: 2F 1-1: Swinging Strike 1-2: Foul Ball, location: 2F 1-2: Strikes out swinging
|
Batting: LHB Ryan Trombley
|
0-0: Ball 1-0: Called Strike 1-1: Foul Ball, location: 2F 1-2: Foul Ball, location: 2F 1-2: Ball 2-2: Foul Ball, location: 2F 2-2: Foul Ball, location: 2F 2-2: Ball 3-2: Fly out, F8 (Flyball, 8LD, EV 91.2 MPH)
|
Batting: SHB Phuck II
|
0-0: Fly out, F9 (Flyball, 9, EV 87.5 MPH)
|
Top of the 6th over - 0 runs, 0 hits, 0 errors, 0 left on base; Philadelphia 3 - Chicago 11 |
BOTTOM OF THE 6TH |
Chicago Cubs batting - Pitching for Philadelphia Phillies : RHP Omar Orosco
|
Batting: RHB Steve Bartman Jr.
|
0-0: Foul Ball, location: 2F 0-1: Ball 1-1: Ground out 4-3 (Groundball, 4M, EV 80.6 MPH)
|
Pitching: RHP Lucas McPhillie
|
|
Batting: RHB Alan Oxenrider
|
0-0: Ball 1-0: Foul Ball, location: 2F 1-1: Ball 2-1: Foul Ball, location: 2F 2-2: Foul Ball, location: 2F 2-2: Strikes out swinging, 2-3 out at first.
|
Batting: RHB Heef Harted
|
0-0: Foul Ball, location: 2F 0-1: Ball 1-1: Ball 2-1: Ball 3-1: Base on Balls
|
Batting: RHB Xavier Davis
|
0-0: Ball 1-0: Ball 2-0: Foul Ball, location: 2F 2-1: Foul Ball, location: 2F 2-2: Strikes out swinging
|
Bottom of the 6th over - 0 runs, 0 hits, 0 errors, 1 left on base; Philadelphia 3 - Chicago 11 |
TOP OF THE 7TH |
Philadelphia Phillies batting - Pitching for Chicago Cubs : RHP Ryohei Uda
|
Pitching: RHP Edwin Rivera
|
|
Batting: LHB Jim Beaver
|
0-0: Foul Ball, location: 2F 0-1: Foul Ball, location: 2F 0-2: Strikes out swinging
|
Batting: LHB Cody Schumacher
|
0-0: Called Strike 0-1: Ball 1-1: Called Strike 1-2: Ball 2-2: Ball 3-2: Strikes out swinging
|
Batting: LHB Osamu Kubo
|
0-0: Ball 1-0: SOLO HOME RUN (Flyball, 7LD, EV 96.2 MPH), Distance : 376 ft
|
Batting: SHB Lance Franklin
|
0-0: Foul Ball, location: 2F 0-1: Foul Ball, location: 2F 0-2: Fly out, F9 (Flyball, 9S, EV 83.8 MPH)
|
Top of the 7th over - 1 run, 1 hit, 0 errors, 0 left on base; Philadelphia 4 - Chicago 11 |
BOTTOM OF THE 7TH |
Chicago Cubs batting - Pitching for Philadelphia Phillies : RHP Lucas McPhillie
|
Batting: LHB Andy Arbuckle
|
0-0: Swinging Strike 0-1: Ground out 6-3 (Groundball, 4M, EV 80.0 MPH)
|
Batting: RHB David Casas
|
0-0: Ball 1-0: Ball 2-0: Fly out, F2 (Popup, 15S, EV 88.1 MPH)
|
Batting: RHB Josh Kalman
|
0-0: Called Strike 0-1: Called Strike 0-2: Strikes out swinging
|
Bottom of the 7th over - 0 runs, 0 hits, 0 errors, 0 left on base; Philadelphia 4 - Chicago 11 |
TOP OF THE 8TH |
Philadelphia Phillies batting - Pitching for Chicago Cubs : RHP Edwin Rivera
|
Batting: RHB Josh Hensley
|
0-0: Ball 1-0: Swinging Strike 1-1: Foul Ball, location: 2F 1-2: Strikes out swinging
|
Batting: LHB Brad Turner
|
0-0: Ball 1-0: Foul Ball, location: 2F 1-1: Ball 2-1: Foul Ball, location: 2F 2-2: Ball 3-2: Strikes out swinging
|
Batting: LHB Mike Davis
|
0-0: Foul Ball, location: 2F 0-1: Swinging Strike 0-2: Strikes out swinging
|
Top of the 8th over - 0 runs, 0 hits, 0 errors, 0 left on base; Philadelphia 4 - Chicago 11 |
BOTTOM OF THE 8TH |
Chicago Cubs batting - Pitching for Philadelphia Phillies : RHP Lucas McPhillie
|
Batting: RHB Efrain Vargas
|
0-0: Called Strike 0-1: Ball 1-1: Foul Ball, location: 2F 1-2: Foul Ball, location: 2F 1-2: Strikes out looking
|
Batting: LHB Kevin Norton
|
0-0: Ball 1-0: Called Strike 1-1: Ball 2-1: Called Strike 2-2: Ground out 6-3 (Groundball, 6, EV 102.5 MPH)
|
Batting: RHB Steve Bartman Jr.
|
0-0: Ball 1-0: Ball 2-0: Ball 3-0: Base on Balls
|
Batting: RHB Alan Oxenrider
|
0-0: Called Strike 0-1: Ball 1-1: Foul Ball, location: 2F 1-2: Strikes out looking
|
Bottom of the 8th over - 0 runs, 0 hits, 0 errors, 1 left on base; Philadelphia 4 - Chicago 11 |
TOP OF THE 9TH |
Philadelphia Phillies batting - Pitching for Chicago Cubs : RHP Edwin Rivera
|
Batting: LHB Ryan Trombley
|
0-0: Ball 1-0: Ball 2-0: Foul Ball, location: 2F 2-1: Swinging Strike 2-2: Ball 3-2: Strikes out swinging
|
Batting: SHB Phuck II
|
0-0: Called Strike 0-1: Ball 1-1: Ball 2-1: Foul Ball, location: 2F 2-2: Strikes out swinging
|
Batting: LHB Jim Beaver
|
0-0: Ball 1-0: Called Strike 1-1: Foul Ball, location: 2F 1-2: Strikes out swinging
|
Top of the 9th over - 0 runs, 0 hits, 0 errors, 0 left on base; Philadelphia 4 - Chicago 11 |
|